 Dungeon Crawl Stone Soup version 0.31-a0-361-g0f8bd3a31e (webtiles) character file.

Game seed: 6812157308297269082

2028 Locuples the Cleaver (level 9, -2/79 HPs)
             Began as a Minotaur Monk on July 27, 2023.
             Was a Believer of Dithmenos.
             Slain by a gnoll sergeant
             ... wielding a +0 trident
              (8 damage)
             ... on level 7 of the Dungeon.
             The game lasted 00:11:13 (6289 turns).

Locuples the Cleaver (Minotaur Monk)                Turns: 6289, Time: 00:11:14

Health: -2/79      AC: 10    Str: 21    XL:     9   Next: 3%
Magic:  8/8        EV: 10    Int:  7    God:    Dithmenos [**....]
Gold:   330        SH:  0    Dex: 12    Spells: 8/8 levels left

rFire   . . .        a - +0 hand axe
rCold   + . .        (no shield)
rNeg    . . .        d - +0 chain mail
rPois   .            (helmet restricted)
rElec   .            (no cloak)
rCorr   +            (no gloves)
SInv    .            (no boots)
Will    .....        (no amulet) Stlth
                     t - ring of resist corrosion
HPRegen 0.33/turn    w - ring of protection from cold
MPRegen 0.11/turn

%: no passive effects
@: mighty, wreathed by umbra
A: horns 2, retaliatory headbutt
a: Renounce Religion, Shadow Step


You were on level 7 of the Dungeon.
You worshipped Dithmenos.
Dithmenos was pleased with you.
You visited 2 branches of the dungeon, and saw 8 of its levels.

You collected 330 gold pieces.

Inventory:

Hand Weapons
 a - a +0 hand axe (weapon)
Armour
 d - a +0 chain mail (worn)
Jewellery
 q - a ring of wizardry
 t - a ring of resist corrosion (left hand)
 w - a ring of protection from cold (right hand)
Wands
 y - a wand of mindburst (19)
Scrolls
 b - 2 scrolls of amnesia {unknown}
 g - 5 scrolls of noise {unknown}
 h - 4 scrolls of teleportation {unknown}
 l - 7 scrolls of identify {unknown}
 n - a scroll of fog {unknown}
 p - 4 scrolls of poison {unknown}
 s - 4 scrolls of blinking {unknown}
 x - 3 scrolls of immolation {unknown}
Potions
 c - a potion of berserk rage {unknown}
 e - a potion of haste {unknown}
 f - 2 potions of resistance {unknown}
 j - 2 potions of degeneration {unknown}
 k - a potion of attraction
 m - a potion of cancellation {unknown}
 o - 2 potions of might
 z - a potion of lignification {unknown}


   Skills:
 + Level 7.0 Fighting
 + Level 10.5 Axes
 + Level 6.5 Armour
 + Level 5.4 Dodging


You had 8 spell levels left.
You didn't know any spells.
Your spell library contained the following spells:

 Spells                   Type           Power      Damage    Failure   Level
 Apportation              Tloc           0%         N/A       96%         1
 Necrotise                Necr           0%         1d4       96%         1
 Summon Small Mammal      Summ           0%         N/A       96%         1
 Ensorcelled Hibernation  Hex/Ice        0%         N/A       99%         2
 Wereblood                Tmut           0%         N/A       99%         2
 Call Canine Familiar     Summ           0%         N/A       100%        3
 Inner Flame              Hex/Fire       0%         N/A       100%        3
 Portal Projectile        Hex/Tloc       0%         N/A       100%        3
 Tukima's Dance           Hex            0%         N/A       100%        3
 Volatile Blastmotes      Fire/Tloc      0%         2d10      100%        3
 Anguish                  Hex/Necr       0%         N/A       100%        4
 Fulminant Prism          Conj/Hex       0%         3d5       100%        4
 Iskenderun's Mystic Bla  Conj/Tloc      0%         2d3       100%        4
 Leda's Liquefaction      Hex/Erth       0%         N/A       100%        4
 Passage of Golubria      Tloc           0%         N/A       100%        4
 Irradiate                Conj/Tmut      0%         3d11      100%        5
 Yara's Violent Unravell  Hex/Tmut       0%         3d3       100%        5
 Enfeeble                 Hex            0%         N/A       100%        7


Dungeon Overview and Level Annotations

Branches:
Dungeon (7/15)             Temple (1/1) D:6

Altars:
Ashenzari
Cheibriados
Dithmenos
Fedhas
Gozag
Hepliaklqana
Kikubaaqudgha
Makhleb
Nemelex Xobeh
Okawaru
Qazlal
Ru
Sif Muna
Trog
Uskayaw
Wu Jian
Yredelemnul
Zin
The Shining One

Shops:
D:1 *   D:5 [

Annotations:
D:4 3 runed translucent doors, Nr616's ghost, amateur MiFi


Innate Abilities, Weirdness & Mutations

You have a pair of horns on your head.
You reflexively headbutt those who attack you in melee.


Message History

You hit Dowan. The gnoll sergeant closely misses you.
Duvessa hits you with a +0 short sword.
* * * LOW HITPOINT WARNING * * *
Dowan hits you but does no damage.
You hit Duvessa.
Duvessa is severely wounded.
You slash Dowan! You slash Duvessa!
You kill Duvessa!
Dithmenos accepts your kill.
Dowan screams, "No!
No!"
Dowan seems to find hidden reserves of power!
You hit Dowan. Dowan hits you with a +0 dagger.
* * * LOW HITPOINT WARNING * * *
The gnoll barely misses you.
The gnoll sergeant hits you from afar with a +0 trident.
* * * LOW HITPOINT WARNING * * *
You have reached level 9!
Your experience leads to an increase in your attributes!
Increase (S)trength, (I)ntelligence, or (D)exterity?
You feel stronger. x2
You slash the gnoll!
You kill the gnoll!
Dithmenos accepts your kill.
You hit Dowan.
You kill Dowan!
Dithmenos accepts your kill.
The gnoll hits you from afar with a +0 spear!
* * * LOW HITPOINT WARNING * * *
The gnoll sergeant completely misses you.
Your Fighting skill increases to level 7!
The gnoll hits you but does no damage. The gnoll sergeant barely misses you.
You furiously retaliate!
You headbutt the gnoll sergeant!! The gnoll barely misses you.
There is an open door, spattered with blood here.
Items here: ))) [ †.
You barely miss the gnoll. You barely miss the gnoll sergeant.
The gnoll closely misses you.
The gnoll sergeant hits you with a +0 trident!
You die...

...........#.#.#.#
...........#.#...#
...........#'########
...#####........#...#
...# #........#...#
...# #........#...#
...# #..).)...#...#
...# #........#g!.#
...+ #...)...)@gg.#
...# #........#...#
...# #........#...#
...# #........#####
#### ##......##
#......# #......#
#......# #......


You could see a gnoll sergeant and 2 gnolls.

Vanquished Creatures
  Duvessa (D:7)
  2 black bears (D:6)
  2 ogres
  A phantom (D:4)
  3 bullfrogs (D:7)
  4 scorpions
  4 necrophages (D:5)
  A gnoll sergeant (D:7)
  Dowan (D:7)
  A bullfrog zombie (D:5)
  A centaur zombie (D:5)
  A jelly (D:7)
  An orc priest (D:7)
  3 gnoll boudas
  2 iguanas
  3 orc wizards
  23 gnolls
  4 adders
  2 shadow imps
  An ufetubus (D:6)
  3 worms (D:2)
  3 dart slugs
  16 orcs
  7 ball pythons
  8 endoplasms
  2 giant cockroaches
  6 goblins
  4 hobgoblins
  10 jackals
  3 quokkas
  5 bats
  9 frilled lizards
  6 kobolds
  3 rats
146 creatures vanquished.

Notes
Turn   | Place    | Note
-------+----------+-------------------------------------------
     0 | D:1      | Locuples the Minotaur Monk began the quest for the Orb.
     0 | D:1      | Reached XP level 1. HP: 19/19 MP: 0/0
    69 | D:1      | Found Biudder's Assorted Antiques.
   511 | D:1      | Reached XP level 2. HP: 20/27 MP: 1/1
   671 | D:1      | Reached skill level 4 in Axes
  1090 | D:2      | Reached XP level 3. HP: 33/33 MP: 2/2
  1879 | D:3      | Reached XP level 4. HP: 41/41 MP: 3/3
  2289 | D:3      | Found a faded altar of an unknown god.
  2533 | D:3      | Reached skill level 5 in Axes
  2533 | D:3      | Reached skill level 1 in Armour
  2932 | D:4      | Noticed an ogre
  2941 | D:4      | Killed an ogre
  2942 | D:4      | Reached XP level 5. HP: 47/47 MP: 4/4
  2952 | D:4      | Noticed a phantom
  2957 | D:4      | Found a runed translucent gate.
  2960 | D:4      | Reached skill level 6 in Axes
  2960 | D:4      | Found a runed translucent gate.
  2973 | D:4      | Killed a phantom
  2974 | D:4      | Reached XP level 6. HP: 33/55 MP: 5/5
  3315 | D:4      | Found a runed translucent gate.
  3316 | D:4      | Noticed Nr616's ghost (amateur MiFi)
  3551 | D:5      | Entered Level 5 of the Dungeon
  3652 | D:5      | Found Enesh's Antique Armour Boutique.
  3782 | D:5      | Reached skill level 7 in Axes
  3792 | D:5      | Reached skill level 5 in Fighting
  3803 | D:5      | Reached XP level 7. HP: 10/61 MP: 6/6
  4002 | D:5      | Found a blossoming altar of Fedhas.
  4065 | D:5      | Reached skill level 8 in Axes
  4649 | D:6      | Reached XP level 8. HP: 59/70 MP: 7/7
  4714 | D:6      | Reached skill level 9 in Axes
  4840 | D:6      | Reached skill level 5 in Dodging
  4845 | D:6      | Reached skill level 5 in Armour
  4951 | D:6      | Identified the +2 sling of Tension {heavy, Str-3 Int+4
                  | Dex+3 Stlth+}
  4982 | D:6      | Found an opulent altar of Gozag.
  5094 | D:6      | Found a staircase to the Ecumenical Temple.
  5112 | Temple   | Entered the Ecumenical Temple
  5126 | Temple   | Became a worshipper of Dithmenos the Shadowed
  5126 | Temple   | Reached * piety under Dithmenos
  5126 | Temple   | Reached ** piety under Dithmenos
  5697 | D:7      | Found a sparkling altar of Nemelex Xobeh.
  5716 | D:7      | Reached skill level 10 in Axes
  6270 | D:7      | Noticed Duvessa
  6272 | D:7      | Noticed Dowan
  6286 | D:7      | Killed Duvessa
  6287 | D:7      | Reached XP level 9. HP: 12/78 MP: 8/8
  6287 | D:7      | Killed Dowan
  6289 | D:7      | Slain by a gnoll sergeant

Illustrated notes

Levels and vault maps discovered:
D:1:      lightli_arrival_flooded_house, layout_basic, serial_shops,
          nicolae_shop_overgrown_old_shop, minmay_lizard_king
D:2:      layout_loops_ring
D:3:      wad_lake_hut, layout_basic, shapermc_ecumenical_altar_ellora,
          minmay_close_crescents
D:4:      layout_rooms, gammafunk_ghost_necromancy, chequers_jeans
D:5:      layout_loops_ring, fedhas_altar_decomposition, serial_shops, shop,
          nicolae_ossuary_entry_ruins
D:6:      layout_loops_ring, general_overflow_altar,
          minmay_temple_entry_offerings
D:7:      layout_gridville, nemelex_spade_bored_becter, roderic_serpentine_path,
          uniq_duvessa
Temple:   compressed_dpeg_triangle_lava_temple

Skill      XL: |  1  2  3  4  5  6  7  8  9 |
---------------+----------------------------+-----
Fighting       | 4 5 6 7 |  7.0
Axes           | 4 5 6 7 8 10 | 10.5
Dodging        | 4 5 |  5.4
Armour         | 1 2 3 4 6 |  6.5

Action                     |  1- 3 |  4- 6 |  7- 9 || total
---------------------------+-------+-------+-------++-------
  Melee: Hand axe          |    78 |   126 |   191 ||   395
         Headbutt          |    20 |    28 |    52 ||   100
    Use: Potion            |       |     7 |     2 ||     9
 Armour: Robe              |     7 |       |       ||     7
         Scale mail        |     3 |    38 |    45 ||    86
         Chain mail        |       |       |    31 ||    31
  Dodge: Dodged            |    44 |    77 |   123 ||   244

Table legend: (Time is in decaauts)
 A = Elapsed time spent in this place.
 B = Non-inter-level travel time spent in this place.
 C = Inter-level travel time spent in this place.
 D = Time resting spent in this place.
 E = Time spent auto-exploring this place.
 F = Levels seen in this place.
 G = Mean time per level.
                   A        B        C        D        E       F      G
               +--------+--------+--------+--------+--------+-----+--------+
         Total |   6303 |   6165 |    138 |    696 |   4341 |   8 |  787.9 |
       Dungeon |   6279 |   6141 |    138 |    696 |   4341 |   7 |  897.0 |
        Temple |     23 |     23 |      0 |      0 |      0 |   1 |   23.0 |
               +--------+--------+--------+--------+--------+-----+--------+

Top non-repeatable levels by time:
     D:3: 1259 daAuts
     D:5: 1083 daAuts
     D:1: 875 daAuts
     D:2: 843 daAuts
     D:6: 806 daAuts
     D:7: 792 daAuts
     D:4: 618 daAuts
  Temple: 23 daAuts
